 Dungeon Crawl Stone Soup version 0.23.2-30-g0e89c35649 (webtiles) character file.

Game seed: 8364864553284839396

132 funkygono the Skirmisher (level 5, -1/43 HPs)
             Began as a Formicid Abyssal Knight on June 16, 2019.
             Was a Believer of Lugonu.
             Killed by divine providence
             ... invoked by an orc priest
              (7 damage)
             ... on level 4 of the Dungeon.
             The game lasted 00:04:40 (2405 turns).

funkygono the Skirmisher (Formicid Abyssal Knight)  Turns: 2405, Time: 00:04:41

Health: -1/43      AC:  8    Str: 17    XL:     5   Next: 38%
Magic:  5/6        EV: 10    Int: 12    God:    Lugonu [**....]
Gold:   78         SH:  0    Dex: 10    Spells: 4/4 levels left

rFire    . . .     SeeInvis +   a - +1 mace
rCold    . . .     Gourm    .   (no shield)
rNeg     . . .     Faith    .   l - +0 scale mail (curse)
rPois    .         Spirit   .   (helmet unavailable)
rElec    .         Reflect  .   (no cloak)
rCorr    .         Harm     .   (no gloves)
MR       .....                  g - +0 pair of boots
Stlth    ..........             (no amulet)
HPRegen  0.14/turn              (no ring)
MPRegen  0.10/turn              (no ring)

@: no status effects
A: permanent stasis, dig shafts and tunnels, four strong arms, antennae 3
a: Dig, Shaft Self, Depart the Abyss, Bend Space, Renounce Religion


You were on level 4 of the Dungeon.
You worshipped Lugonu.
Lugonu was pleased with you.
You were very hungry.

You visited 1 branch of the dungeon, and saw 3 of its levels.
You visited the Abyss 1 time.

You collected 78 gold pieces.

Inventory:

Hand Weapons
 a - a +1 mace (weapon)
Missiles
 f - 81 stones (quivered)
 j - 18 sling bullets
Armour
 b - a +0 leather armour
 g - a +0 pair of boots (worn)
 l - a cursed +0 scale mail (worn)
Scrolls
 e - a scroll of amnesia {unknown}
 n - a scroll of remove curse {unknown}
Potions
 d - 2 potions of agility
 i - a potion of heal wounds
 k - a potion of flight {unknown}
 m - a potion of curing {unknown}
 p - a potion of lignification {unknown}
Comestibles
 c - a ration


   Skills:
 * Level 4.5 Fighting
 + Level 3.1 Maces & Flails
 * Level 3.3 Armour
 + Level 1.4 Dodging
 + Level 0.2 Stealth
 + Level 2.1 Invocations


You had 4 spell levels left.
You didn't know any spells.
Your spell library was empty.

Dungeon Overview and Level Annotations

Branches:
Dungeon (2/15)

Altars:

Shops:
D:4 }


Innate Abilities, Weirdness & Mutations

You cannot be hasted, slowed, berserked, paralysed or teleported.
You can dig through walls and to a lower floor.
Your four strong arms can wield two-handed weapons with a shield.
You have a pair of large antennae on your head. (SInv)


Message History

The hound is almost dead.
The hound barely misses you. The hound misses you. The ogre closely misses you.
You thump the hound!
You kill the hound!
Lugonu accepts your kill.
The orc priest miscasts a cantrip.
The orc wizard gestures at you while chanting.
The puff of frost misses you.
The puff of frost hits the ogre!
You extend your mandibles.
You dig through the rock wall.
The ogre hits you with a +0 giant spiked club!!
Ouch! That really hurt!
* * * LOW HITPOINT WARNING * * *
You retract your mandibles.
Unknown command.
Okay, then.
Space bends around you!
You blink.
The orc priest mumbles some strange prayers to Beogh against you.
Beogh smites you!
You die...

##...## ###.....## #. ....
....?..#.#... #. #O###..#
#.....## ..
#.§##..####....## #.
#o###............ #. #.#
##.####....## ^ #.
#o###...###.#.##
^^^.##.###.o.........#.###
.........@....<..#####....
.......######.#...########
....... #............#
......{ #####.######.#
##...{# #.# #.# #.#{# #.#
#.# ≈≈≈{. #.######.# ≈§§o.
#........# #######..#


You could see an ogre, an orc priest, an orc wizard and an orc.

Vanquished Creatures
  A hound (D:4)
  An iguana (D:4)
  3 adders
  An ooze (D:1)
  A worm (D:2)
  A dart slug (D:2)
  A leopard gecko (D:2)
  3 giant cockroaches
  6 goblins
  3 hobgoblins
  7 jackals
  2 kobolds
  A quokka (D:2)
  4 bats
  3 frilled lizards
  3 rats
41 creatures vanquished.

Notes
Turn   | Place    | Note
-------+----------+-------------------------------------------
     0 | Abyss:1  | funkygono the Formicid Abyssal Knight began the quest for
                  | the Orb.
     0 | Abyss:1  | Reached XP level 1. HP: 18/18 MP: 2/2
    61 | Abyss:1  | Found a corrupted altar of Lugonu.
    65 | Abyss:1  | Noticed an iron imp
    66 | D:1      | Escaped the Abyss
    72 | D:1      | Noticed a death yak
   270 | D:1      | Reached skill level 1 in Dodging
   270 | D:1      | Reached XP level 2. HP: 20/25 MP: 3/3
   782 | D:1      | Noticed an elephant
   926 | D:2      | Reached skill level 4 in Fighting
   926 | D:2      | Reached XP level 3. HP: 8/30 MP: 4/4
  1230 | D:2      | Reached ** piety under Lugonu
  1805 | D:2      | You fall through a shaft for 2 floors!
  1808 | D:4      | Reached XP level 4. HP: 38/38 MP: 5/5
  2299 | D:4      | Found Ynwatura's Gadget Shop.
  2343 | D:4      | Reached XP level 5. HP: 43/43 MP: 6/6
  2398 | D:4      | Noticed an ogre
  2405 | D:4      | Killed from afar by an orc priest

Skill      XL: |  1  2  3  4 |
---------------+-------------+-----
Dodging        | 1 |  1.4
Fighting       | 4 |  4.5
Maces & Flails | 3 |  3.1
Armour         | 3 |  3.3
Stealth        | |  0.2
Invocations    | |  2.1

Action                   |  1- 3 |  4- 6 || total
-------------------------+-------+-------++-------
Melee: Mace              |   123 |    62 ||   185
Invok: Bend Space        |       |     1 ||     1
 Abil: Dig               |     2 |     2 ||     4
  Use: Scroll            |     4 |     1 ||     5
  Eat: Chunk             |     3 |     1 ||     4
Armor: Leather armour    |    10 |       ||    10
       Scale mail        |    43 |    39 ||    82
Dodge: Dodged            |    70 |    38 ||   108
